 Dungeon Crawl Stone Soup version 0.30-a0-187-gd9c2deaf24 (webtiles) character file.

Game seed: 8572278598896649248

1340 meatgazer the Carver (level 8, -2/75 HPs)
             Began as a Minotaur Berserker on Oct 3, 2022.
             Was a Priest of Trog.
             Slain by an orc warrior
             ... wielding a +0 glaive
              (11 damage)
             ... on level 6 of the Dungeon.
             The game lasted 00:06:30 (5331 turns).

meatgazer the Carver (Minotaur Berserker)           Turns: 5331, Time: 00:06:31

Health: -2/75      AC:  9    Str: 22    XL:     8   Next: 35%
Magic:  0/7        EV: 10    Int:  4    God:    Trog [***...]
Gold:   151        SH:  0    Dex: 12    Spells: 7/7 levels left

rFire   + . .      SeeInvis .    k - +7 long sword (flame)
rCold   . . .      Faith    .    (no shield)
rNeg    . . .      Spirit   +    c - +1 scale mail
rPois   .          Reflect  .    (helmet restricted)
rElec   .          Harm     .    r - +1 cloak
rCorr   .          Rampage  .    (no gloves)
Will    .....                    (no boots)
Stlth   ..........               t - amulet of guardian spirit
HPRegen 0.32/turn                n - ring of protection from fire
MPRegen 0.10/turn                (no ring)

@: on berserk cooldown, slowed, very slow
A: horns 2, retaliatory headbutt
a: Renounce Religion, Berserk, Trog's Hand


You were on level 6 of the Dungeon.
You worshipped Trog.
Trog was most pleased with you.
You visited 1 branch of the dungeon, and saw 6 of its levels.

You collected 320 gold pieces.
You spent 169 gold pieces at shops.

Inventory:

Hand Weapons
 k - a +7 long sword of flaming (weapon)
Missiles
 q - a throwing net (quivered)
Armour
 c - a +1 scale mail (worn)
 i - a +0 kite shield of positive energy
 r - a +1 cloak (worn)
Jewellery
 n - a ring of protection from fire (left hand)
 t - an amulet of guardian spirit (around neck)
Wands
 p - a wand of paralysis (9)
Scrolls
 e - a scroll of torment
 g - a scroll of immolation
 l - a scroll of teleportation
 u - a scroll of blinking
Potions
 b - a potion of might
 f - a potion of lignification {unknown}
 h - a potion of mutation {unknown}
 j - 3 potions of attraction
 m - a potion of brilliance {unknown}
 o - 2 potions of cancellation


   Skills:
 * Level 8.6 Fighting
 * Level 8.7 Long Blades
 - Level 2.4 Armour
 - Level 2.1 Dodging
 + Level 4.9 Shields


You had 7 spell levels left.
You didn't know any spells.
Your spell library was empty.

Dungeon Overview and Level Annotations

Branches:
Dungeon (6/15)
 Temple: D:4-7

Altars:
Uskayaw
Xom

Shops:
D:2 (


Innate Abilities, Weirdness & Mutations

You have a pair of horns on your head.
You reflexively headbutt those who attack you in melee.


Message History

The orc warrior hits you from afar with a +0 glaive!
The orc wizard hits you but does no damage.
You feel much better.
The orc warrior hits you from afar with a +0 glaive!
The orc wizard hits you but does no damage.
The orc warrior hits you from afar with a +0 glaive!
The orc wizard hits you but does no damage.
You slash the orc wizard! You burn the orc wizard.
You kill the orc wizard!
Trog accepts your kill.
Trog appreciates your killing of a magic user.
The orc warrior hits you from afar with a +0 glaive.
The scorpion stings you.
You hit the scorpion. You burn the scorpion.
The scorpion is heavily wounded.
The scorpion stings you. The orc warrior barely misses you.
The scorpion stings you but does no damage.
The orc warrior barely misses you.
You slash the scorpion! You burn the scorpion.
You kill the scorpion!
Trog accepts your kill. The orc warrior barely misses you.
The orc warrior hits you with a +0 glaive.
* * * LOW HITPOINT WARNING * * *
Items here: )))) [[[ †.
You slash the orc warrior! You burn the orc warrior.
Your headbutt misses the orc warrior.
The orc warrior is heavily wounded.
The orc warrior hits you with a +0 glaive!
* * * LOW HITPOINT WARNING * * *
The orc warrior hits you but does no damage.
You hit the orc warrior. You burn the orc warrior.
You headbutt the orc warrior.
The orc warrior is severely wounded.
The orc warrior hits you with a +0 glaive!
* * * LOW HITPOINT WARNING * * *
You closely miss the orc warrior. Your headbutt misses the orc warrior.
The orc warrior is severely wounded.
The orc warrior hits you with a +0 glaive!
You die...

. ##...##............
..###...##............
........######...###..
.......?##..##...# ..
...................
..########..[....... .
##....##..####..##
#.....##..####..
#.....@.........
###..o##........
.########...###+####..
...J...#....# .
....o..'....#
.......#....#
.<.....#....#
..##..###...# o #+#
#####


You could see an orc warrior.

Vanquished Creatures
  A sky beast (D:5)
  An ogre (D:4)
  A phantom (D:5)
  A necrophage (D:6)
  3 scorpions
  5 wights (D:5)
  A howler monkey (D:4)
  3 hounds
  2 jellies
  2 orc priests
  4 iguanas
  5 orc wizards
  3 adders
  A gnoll (D:1)
  A shadow imp (D:6)
  An ufetubus (D:6)
  A dart slug (D:5)
  12 orcs
  3 endoplasms
  5 giant cockroaches
  8 goblins
  2 hobgoblins (D:3)
  4 quokkas
  11 ball pythons
  7 bats
  A frilled lizard (D:1)
  5 kobolds
  6 rats
100 creatures vanquished.

Notes
Turn   | Place    | Note
-------+----------+-------------------------------------------
     0 | D:1      | meatgazer the Minotaur Berserker began the quest for the
                  | Orb.
     0 | D:1      | Reached XP level 1. HP: 19/19 MP: 0/0
   151 | D:1      | Reached XP level 2. HP: 13/27 MP: 1/1
   256 | D:1      | Found a faded altar of an unknown god.
   548 | D:2      | Reached XP level 3. HP: 33/34 MP: 2/2
   680 | D:2      | Found a hide-covered altar of Uskayaw.
   714 | D:2      | Found Fozeorch's Antique Weapon Emporium.
   745 | D:2      | Bought a glowing long sword for 169 gold pieces
   883 | D:2      | Reached ** piety under Trog
   998 | D:2      | Reached XP level 4. HP: 38/41 MP: 3/3
  1219 | D:3      | Reached skill level 1 in Shields
  2094 | D:4      | Reached skill level 5 in Fighting
  2094 | D:4      | Reached skill level 5 in Long Blades
  2134 | D:4      | Noticed a scorpion
  2138 | D:4      | Killed a scorpion
  2139 | D:4      | Reached XP level 5. HP: 48/48 MP: 4/4
  2908 | D:4      | Reached XP level 6. HP: 46/57 MP: 5/5
  3006 | D:4      | Found a shimmering altar of Xom.
  3707 | D:5      | Entered Level 5 of the Dungeon
  4161 | D:5      | Reached XP level 7. HP: 48/64 MP: 6/6
  4709 | D:5      | Reached XP level 8. HP: 67/74 MP: 5/7
  5327 | D:6      | Reached *** piety under Trog
  5331 | D:6      | Slain by an orc warrior

Illustrated notes

Levels and vault maps discovered:
D:1:      lightli_arrival_windingriver, layout_basic,
          hellmonk_ecumenical_altar_blasted, ebering_dispersal_statue_hall,
          minivault_4
D:2:      layout_basic, basic_altar, serial_shops, shop_coins,
          kennysheep_nondescript, chequers_mini_garden,
          kennysheep_generic_room_16
D:3:      layout_basic, kennysheep_decorative_pillar
D:4:      layout_basic, mainiacjoe_overflow_surrounded_room
D:5:      layout_loops_cross
D:6:      layout_gridville

Skill      XL: |  1  2  3  4  5  6  7 |
---------------+----------------------+-----
Fighting       | 4 5 6 8 |  8.6
Long Blades    | 4 5 6 8 |  8.7
Shields        | 1 2 3 4 |  4.9
Armour         | |  2.4
Dodging        | |  2.1

Action                   |  1- 3 |  4- 6 |  7- 9 || total
-------------------------+-------+-------+-------++-------
Melee: Falchion          |    59 |       |       ||    59
       Headbutt          |    13 |     5 |    10 ||    28
       Punch             |     2 |       |     1 ||     3
       Long sword        |    16 |    57 |    78 ||   151
Invok: Berserk           |     1 |     1 |     2 ||     4
  Use: Scroll            |     2 |     7 |     3 ||    12
       Potion            |       |       |     2 ||     2
Armor: Animal skin       |    11 |       |       ||    11
       Scale mail        |     7 |    19 |    41 ||    67
Dodge: Dodged            |    50 |    29 |    30 ||   109

Table legend: (Time is in decaauts)
 A = Elapsed time spent in this place.
 B = Non-inter-level travel time spent in this place.
 C = Inter-level travel time spent in this place.
 D = Time resting spent in this place.
 E = Time spent auto-exploring this place.
 F = Levels seen in this place.
 G = Mean time per level.
                   A        B        C        D        E       F      G
               +--------+--------+--------+--------+--------+-----+--------+
         Total |   5371 |   5260 |    111 |   1667 |   2988 |   6 |  895.2 |
       Dungeon |   5371 |   5260 |    111 |   1667 |   2988 |   6 |  895.2 |
               +--------+--------+--------+--------+--------+-----+--------+

Top non-repeatable levels by time:
     D:4: 1992 daAuts
     D:5: 1185 daAuts
     D:3: 918 daAuts
     D:2: 633 daAuts
     D:1: 551 daAuts
     D:6: 88 daAuts
